 Dungeon Crawl Stone Soup version 0.27.1-34-g3ba077fa99 (webtiles) character file.

Game seed: 9849281535799033823

44 Gengis the Shooter (level 3, 0/30 HPs)
             Began as a Minotaur Hunter on Jan 19, 2022.
             Slain by a hobgoblin (5 damage)
             ... led by Robin
             ... on level 2 of the Dungeon.
             The game lasted 00:02:46 (710 turns).

Gengis the Shooter (Minotaur Hunter)                 Turns: 710, Time: 00:02:47

Health: 0/30       AC:  3    Str: 16    XL:     3   Next: 41%
Magic:  2/2        EV: 11    Int:  8    God:
Gold:   8          SH:  0    Dex: 11    Spells: 2/2 levels left

rFire    . . .     SeeInvis .   b - +0 short sword
rCold    . . .     Faith    .   (no shield)
rNeg     . . .     Spirit   .   c - +0 leather armour
rPois    .         Reflect  .   (helmet restricted)
rElec    .         Harm     .   (no cloak)
rCorr    .         Rampage  .   (no gloves)
Will     .....                  (no boots)
Stlth    +.........             (no amulet)
HPRegen  0.10/turn              (no ring)
MPRegen  0.08/turn              (no ring)

@: about to teleport
A: horns 2, retaliatory headbutt
a: no special abilities


You were on level 2 of the Dungeon.
You visited 1 branch of the dungeon, and saw 2 of its levels.

You collected 8 gold pieces.

Inventory:

Hand Weapons
 a - a +1 shortbow
 b - a +0 short sword (weapon)
Armour
 c - a +0 leather armour (worn)
 g - a +0 ring mail
Scrolls
 e - a scroll of summoning
Potions
 f - a potion of lignification {unknown}


   Skills:
 + Level 2.6 Fighting
 * Level 5.7 Bows
 + Level 2.1 Dodging
 + Level 0.7 Stealth


You had 2 spell levels left.
You didn't know any spells.
Your spell library was empty.

Dungeon Overview and Level Annotations

Branches:
Dungeon (2/15)

Altars:
Sif Muna


Innate Abilities, Weirdness & Mutations

You have a pair of horns on your head.
You reflexively headbutt those who attack you in melee.


Message History

Robin throws the goblin at you!
Items here: (( )).
Unknown command.
Unknown command.
(D) Dungeon
Where to? (? - help)
Okay, then.
Okay, then.
Okay, then.
You don't know any spells.
b - a +0 short sword (weapon)
The goblin hits you with a +0 club.
You hit Robin. You headbutt Robin.
Robin is heavily wounded.
Robin hits you with a +0 club. The goblin hits you with a +0 club.
You hit Robin but do no damage. Your headbutt misses Robin.
Robin is heavily wounded.
The goblin no longer looks unusually strong.
Robin roars a battlecry!
The goblin goes into a battle-frenzy!
The goblin hits you with a +0 club.
You hit Robin but do no damage.
Robin is heavily wounded.
The goblin no longer looks unusually strong.
Robin hits you with a +0 club. The goblin hits you with a +0 club.
As you read the scroll of teleportation, it crumbles to dust.
You feel strangely unstable. Robin barely misses you.
The goblin completely misses you.
You hit Robin. You headbutt Robin!
Robin is almost dead.
Robin closely misses you. The goblin barely misses you.
Robin completely misses you.
Your leather armour prevents you from hitting Robin.
You headbutt Robin.
You kill Robin!
The goblin hits you with a +0 club.
* * * LOW HITPOINT WARNING * * *
You hit the hobgoblin but do no damage. The goblin closely misses you.
The hobgoblin hits you.
You die...

#.................#
###.####..........#
#(# #..........#
#.# #..........#
#.# #..........# #.
#.# ..........#
#.#.# #g# #.#.# #g#
###.#.#####@#
###.........#g#
.........[..).#
#........(###
#.......(...#
#...........#
#...........#
#..)........#
###.#.##....#


You could see a hobgoblin (strong) and 2 goblins.

Vanquished Creatures
  Robin (D:2)
  3 endoplasms
  A giant cockroach (D:1)
  9 goblins
  3 hobgoblins
  A quokka (D:1)
  A ball python (D:1)
  4 bats (D:1)
  A frilled lizard (D:1)
  4 kobolds (D:1)
  4 rats (D:1)
32 creatures vanquished.

Notes
Turn   | Place    | Note
-------+----------+-------------------------------------------
     0 | D:1      | Gengis the Minotaur Hunter began the quest for the Orb.
     0 | D:1      | Reached XP level 1. HP: 18/18 MP: 0/0
   214 | D:1      | Reached XP level 2. HP: 25/25 MP: 1/1
   336 | D:1      | Reached skill level 5 in Bows
   626 | D:2      | Found a shimmering blue altar of Sif Muna.
   681 | D:2      | Noticed Robin
   691 | D:2      | Reached XP level 3. HP: 29/30 MP: 2/2
   709 | D:2      | Killed Robin
   710 | D:2      | Slain by a hobgoblin

Illustrated notes

Levels and vault maps discovered:
D:1:      dpeg_arrival_water_temple_mockup, layout_basic
D:2:      layout_basic, basic_altar, ebering_ecumenical_altar_box, uniq_robin

Skill      XL: |  1  2 |
---------------+-------+-----
Bows           | 5 |  5.7
Fighting       | |  2.6
Dodging        | |  2.1
Stealth        | |  0.7

Action                   || total
-------------------------++-------
Melee: Short sword       ||     6
       Headbutt          ||     3
 Fire: Shortbow          ||    66
  Use: Scroll            ||     3
Armor: Leather armour    ||     7
Dodge: Dodged            ||    17
